 Dungeon Crawl Stone Soup version 0.20.1-1-g8b1a95d66d (webtiles) character file.

6626 MondaySad the Cleaver (level 10, -2/78 HPs)
             Began as a Minotaur Berserker on Nov 23, 2017.
             Was a High Priest of Trog.
             Slain by an orc warrior
             ... wielding a +1 war axe of chopping
              (14 damage)
             ... on level 10 of the Dungeon.
             The game lasted 00:28:10 (7929 turns).

MondaySad the Cleaver (Minotaur Berserker)          Turns: 7929, Time: 00:28:11

Health: -2/78      AC: 10    Str: 24    XL:     10   Next: 72%
Magic:  9/9        EV: 11    Int:  4    God:    Trog [*****.]
Gold:   405        SH: 13    Dex: 11    Spells: 9/9 levels left

rFire    . . .     SeeInvis .   a - +0 hand axe
rCold    . . .     Gourm    .   s - +0 shield
rNeg     + . .     Faith    +   E - +1 ring mail {MR+}
rPois    .         Spirit   .   (helmet restricted)
rElec    .         Reflect  .   n - +1 cloak
rCorr    .         Harm     .   (no gloves)
MR       +....                  c - +1 pair of boots
Stlth    +.........             G - amulet of faith
Regen    0.3/turn               F - ring of positive energy
MPRegen  0.2/turn               (no ring)

@: berserk cooldown, slowed, very slow
A: retaliatory headbutt, horns 2
a: Berserk, Trog's Hand, Brothers in Arms, Burn Spellbooks, Renounce Religion


You were on level 10 of the Dungeon.
You worshipped Trog.
Trog was extremely pleased with you.
You were not hungry.

You visited 2 branches of the dungeon, and saw 11 of its levels.

You collected 405 gold pieces.

Inventory:

Hand Weapons
 a - a +0 hand axe (weapon)
Armour
 c - a +1 pair of boots (worn)
 n - a +1 cloak (worn)
 s - a +0 shield (worn)
 E - a +1 ring mail of magic resistance (worn)
 M - a +1 cloak
Jewellery
 F - a ring of positive energy (left hand)
 G - an amulet of faith (around neck)
 H - an uncursed amulet of the gourmand {unknown}
 I - a +2 ring of strength {unknown}
Wands
 b - a wand of random effects (22/48)
 q - a wand of disintegration (11/24)
 y - a wand of polymorph (9/24)
 B - a wand of flame (21/48)
 C - a wand of acid (10/15)
 K - a wand of digging (10/24)
 L - a wand of lightning (7/15)
Scrolls
 e - a scroll of magic mapping {unknown}
 f - a scroll of enchant armour {unknown}
 h - 5 scrolls of remove curse {unknown}
 i - 9 scrolls of teleportation {unknown}
 l - 2 scrolls of noise {unknown}
 m - 4 scrolls of identify {unknown}
 r - a scroll of enchant weapon {unknown}
 u - a scroll of recharging {unknown}
 v - a scroll of blinking {unknown}
 w - 3 scrolls of fear {unknown}
 A - 2 scrolls of amnesia {unknown}
 D - 2 scrolls of silence {unknown}
Potions
 d - 2 potions of haste {unknown}
 j - a potion of agility {unknown}
 o - 2 potions of curing {unknown}
 z - a potion of magic {unknown}
 J - a potion of brilliance {unknown}
Books
 t - a book of Conjurations

   Spells                             Type                      Level
   a - Magic Dart                     Conjuration                  1
   b - Searing Ray                    Conjuration                  2
   c - Dazzling Spray                 Conjuration/Hexes            3
   d - Fulminant Prism                Conjuration/Hexes            4
   e - Force Lance                    Conjuration/Translocation    4
   f - Iskenderun's Mystic Blast      Conjuration                  4
   Trog disapproves of the use of such an item.
Comestibles
 g - 5 royal jellies
 k - 9 meat rations
 p - 10 fruits
 x - 3 bread rations


   Skills:
 - Level 3.7 Fighting
 + Level 14.5 Axes
 - Level 2.5 Armour
 - Level 2.7 Dodging
 + Level 12.2 Shields


You had 9 spell levels left.
You didn't know any spells.

Dungeon Overview and Level Annotations

Branches:
Dungeon (10/15)            Temple (0/1) D:4            Lair (1/6) D:9
    Orc: D:9-12

Altars:
Cheibriados
Gozag
Nemelex Xobeh
Qazlal
Ru
Sif Muna
Trog
Yredelemnul
The Shining One

Shops:
D:4 [[[[}   D:8 *   D:9 [

Portals:
Ossuary: D:4

Annotations:
D:10 Gastronok


Innate Abilities, Weirdness & Mutations

You reflexively headbutt those who attack you in melee.
You have a pair of horns on your head.


Message History

Your shield and ring mail prevent you from hitting the orc warrior.
The orc warrior is lightly wounded.
The orc warrior hits you with a war axe of chopping.
You hit the orc warrior.
The orc warrior is moderately wounded.
The orc warrior barely misses you.
You closely miss the orc warrior. You headbutt the orc warrior.
The orc warrior is moderately wounded.
The orc warrior hits you with a war axe of chopping!
You completely miss the orc warrior.
The orc warrior is moderately wounded.
You hit the orc warrior but do no damage.
You headbutt the orc warrior, but do no damage.
The orc warrior is moderately wounded.
The orc warrior hits you with a war axe of chopping!!
* * * LOW HITPOINT WARNING * * *
x2 You barely miss the orc warrior.
The orc warrior is moderately wounded.
The orc warrior hits you with a war axe of chopping!
You die...

##.. #.##... ##.##...
...##... # ..##... ...
#.##.## ....############
#..#.#
##.......)...###..#.#
#...o@.(.((...##..#.##
......#######......((.))
###.. ##..##(#.()( ...
##..#.#.### ###
##.#.#..# #.#.##.#
#...##.## #...#....
#.#.#.#.#


You could see an orc warrior.

Vanquished Creatures
  The ghost of MondaySad the Severer, a novice MiBe of Trog (D:10)
  A two-headed ogre (D:9)
  The ghost of MondaySad the Chopper, an amateur MiBe of Trog (D:4)
  A troll (D:8)
  2 hippogriffs
  Eustachio (D:6)
  2 hungry ghosts (D:8)
  A water moccasin (D:7)
  2 black bears
  2 orc warriors
  2 porcupines (D:9)
  2 ice beasts
  3 sky beasts
  3 ogres
  3 centaurs
  A crocodile (D:9)
  3 big kobolds
  10 bullfrogs
  4 scorpions
  A water moccasin skeleton (D:7)
  A howler monkey (D:8)
  2 crimson imps
  2 bullfrog zombies
  4 hounds
  7 orc priests
  6 orc wizards
  A bullfrog skeleton (D:7)
  4 iguanas
  7 worker ants
  2 hound zombies
  2 hound skeletons
  Robin (D:2)
  3 gnolls (D:8)
  11 adders
  3 shadow imps
  6 adder skeletons
  A worm (D:2)
  4 dart slugs
  15 leopard geckos
  36 orcs
  A ball python (D:1)
  A bat (D:1)
  5 giant cockroaches
  2 gnoll zombies (D:7)
  9 goblins (D:2)
  10 hobgoblins
  13 jackals
  7 quokkas
  A ball python zombie (D:5)
  3 frilled lizards
  26 kobolds
  A quokka skeleton (D:5)
  8 rats
251 creatures vanquished.

Vanquished Creatures (collateral kills)
  A big kobold (D:10)
  4 kobolds (D:10)
5 creatures vanquished.

Vanquished Creatures (others)
  A leopard gecko (D:5)
  A hobgoblin (D:3)
  12 fungi (D:9)
14 creatures vanquished.

Grand Total: 270 creatures vanquished

Notes
Turn   | Place    | Note
-------+----------+-------------------------------------------
     0 | D:1      | MondaySad the Minotaur Berserker began the quest for the Orb.
     0 | D:1      | Reached XP level 1. HP: 19/19 MP: 0/0
   140 | D:1      | Reached XP level 2. HP: 15/27 MP: 1/1
   368 | D:1      | Reached skill level 4 in Axes
   830 | D:2      | Reached XP level 3. HP: 24/33 MP: 2/2
   954 | D:2      | Reached skill level 5 in Axes
  1018 | D:2      | Reached ** piety under Trog
  1107 | D:2      | Reached XP level 4. HP: 37/40 MP: 3/3
  1376 | D:2      | Noticed Robin
  1404 | D:2      | Reached skill level 6 in Axes
  1410 | D:2      | Killed Robin
  1587 | D:3      | Found a sacrificial altar of Ru.
  1602 | D:3      | You fall through a shaft!
  1618 | D:4      | Noticed MondaySad's ghost (amateur MiBe)
  1630 | D:4      | Reached XP level 5. HP: 46/46 MP: 4/4
  1637 | D:4      | Killed MondaySad's ghost
  1637 | D:4      | Reached skill level 8 in Axes
  1637 | D:4      | Reached XP level 6. HP: 52/52 MP: 5/5
  1685 | D:4      | Reached skill level 9 in Axes
  1709 | D:4      | Found a staircase to the Ecumenical Temple.
  1714 | D:4      | Found Mechow's Armour Boutique.
  1750 | D:4      | Found Jenont's Antique Armour Boutique.
  1766 | D:4      | Reached *** piety under Trog
  1787 | D:4      | Found Jaistrix's Gadget Shop.
  1876 | D:4      | Found Iciome's Antique Armour Shop.
  1964 | D:4      | Reached skill level 1 in Shields
  1986 | D:4      | Found a sand-covered staircase.
  2069 | D:4      | Found Ublosomujyt's Antique Armour Boutique.
  2117 | D:5      | Entered Level 5 of the Dungeon
  2139 | D:5      | Reached XP level 7. HP: 58/58 MP: 6/6
  2539 | D:5      | You fall through a shaft for 2 floors!
  2959 | D:7      | Found a basalt altar of Yredelemnul.
  2999 | D:6      | Noticed a hippogriff
  3005 | D:6      | Killed a hippogriff
  3005 | D:6      | Reached skill level 10 in Axes
  3005 | D:6      | Reached XP level 8. HP: 66/66 MP: 7/7
  3007 | D:6      | Reached skill level 5 in Shields
  3166 | D:6      | Noticed Eustachio
  3191 | D:6      | Killed Eustachio
  3191 | D:6      | Reached skill level 11 in Axes
  3445 | D:6      | Reached **** piety under Trog
  3956 | D:5      | Found a deep blue altar of Sif Muna.
  3956 | D:5      | Found a bloodstained altar of Trog.
  3958 | D:5      | Found a glowing golden altar of the Shining One.
  3973 | D:5      | Reached XP level 9. HP: 71/71 MP: 8/8
  3974 | D:5      | Found a sparkling altar of Nemelex Xobeh.
  3975 | D:5      | Found an opulent altar of Gozag.
  4448 | D:5      | Reached skill level 12 in Axes
  4486 | D:5      | Found a snail-covered altar of Cheibriados.
  5196 | D:8      | Noticed a troll
  5206 | D:8      | Killed a troll
  5284 | D:8      | Reached skill level 13 in Axes
  5284 | D:8      | Reached skill level 10 in Shields
  5334 | D:8      | Reached ***** piety under Trog
  5492 | D:8      | Found a stormy altar of Qazlal.
  5795 | D:8      | Reached XP level 10. HP: 78/78 MP: 9/9
  5996 | D:8      | Found Zuw Curch's Assorted Antiques.
  6328 | D:9      | Found Asiulang's Antique Armour Shoppe.
  6599 | D:9      | Found a staircase to the Lair.
  6834 | Lair:1   | Entered Level 1 of the Lair of Beasts
  6905 | D:9      | Noticed a two-headed ogre
  6912 | D:9      | Killed a two-headed ogre
  7175 | D:9      | Reached skill level 14 in Axes
  7358 | D:10     | Entered Level 10 of the Dungeon
  7411 | D:10     | Received a gift from Trog
  7822 | D:10     | Noticed Gastronok
  7874 | D:10     | Noticed MondaySad's ghost (novice MiBe)
  7907 | D:10     | Killed MondaySad's ghost
  7929 | D:10     | Slain by an orc warrior

Skill      XL: |  1  2  3  4  5  6  7  8  9 10 |
---------------+-------------------------------+-----
Axes           | 4 5 6 8 9 10 11 13 14 | 14.5
Shields        | 1 4 7 10 12 | 12.2
Fighting       | |  3.7
Armour         | |  2.5
Dodging        | |  2.7

Action                   |  1- 3 |  4- 6 |  7- 9 | 10-12 || total
-------------------------+-------+-------+-------+-------++-------
Melee: Hand axe          |    73 |   121 |   482 |   218 ||   894
       Headbutt          |     8 |    14 |    83 |    44 ||   149
Invok: Berserk           |     1 |     1 |     5 |     5 ||    12
       Burn Spellbooks   |       |     2 |       |     1 ||     3
       Trog's Hand       |       |     1 |     1 |       ||     2
       Brothers in Arms  |       |       |       |     1 ||     1
  Eat: Chunk             |     2 |     4 |    18 |    10 ||    34
       Bread ration      |       |       |     1 |       ||     1
       Royal jelly       |       |       |       |     1 ||     1
Armor: Ring mail         |    25 |     6 |    15 |    31 ||    77
       Chain mail        |       |    40 |   106 |       ||   146
Dodge: Dodged            |    40 |    49 |    94 |    41 ||   224
Block: Shield            |       |    12 |   202 |    79 ||   293
